 Dungeon Crawl Stone Soup version 0.31-a0-983-g7b6862f502 (webtiles) character file.

Game seed: 2236916866965889206

84 lunkers the Insei (level 4, -2/51 HPs)
             Began as a Demigod Shapeshifter on Nov 2, 2023.
             Slain by a goblin
             ... wielding a +2 dagger of venom
             ... led by Robin
              (5 damage)
             ... on level 2 of the Dungeon.
             The game lasted 00:01:57 (1141 turns).

lunkers the Insei (Demigod Shapeshifter)            Turns: 1141, Time: 00:01:58

Health: -2/51      AC: 22    Str: 15    XL:     4   Next: 3%
Magic:  6/6        EV:  2    Int: 12    God:
Gold:   55         SH:  0    Dex: 17    Spells: 3/3 levels left

rFire   . .          .
                       - Unarmed
rCold   . . .        (no shield)
rNeg    . . .        i - melded +0 scale mail
rPois   +            (helmet currently unavailable)
rElec   .            (cloak currently unavailable)
rCorr   .            (gloves currently unavailable)
SInv    .            (boots currently unavailable)
Will    .....        (no amulet)
Stlth   ++           l - ring of poison resistance
HPRegen 0.28/turn    (no ring)
MPRegen 0.10/turn

%: no passive effects
@: tree-form
A: stationary, stasis, torment immunity, boosted hp, high MP 1, forlorn, divine
attributes
a: no special abilities


You were on level 2 of the Dungeon.
You were a tree.
You visited 1 branch of the dungeon, and saw 2 of its levels.

You collected 55 gold pieces.

Inventory:

Armour
 a - a +0 animal skin
 f - a +0 pair of boots
 i - a +0 scale mail (melded)
 j - a +0 pair of boots
Jewellery
 l - a ring of poison resistance (left branch)
Talismans
 c - a beast talisman
 d - a flux talisman
Scrolls
 e - 3 scrolls of identify {unknown}
 g - a scroll of blinking {unknown}
Potions
 h - a potion of heal wounds {unknown}
 k - a potion of mutation {unknown}


   Skills:
 - Level 0.8 Fighting
 - Level 1.7 Dodging
 * Level 4.1 Unarmed Combat
 + Level 3.3 Shapeshifting


You had 3 spell levels left.
You didn't know any spells.
Your spell library was empty.

Dungeon Overview and Level Annotations

Branches:
Dungeon (2/15)

Annotations:
D:2 Robin


Innate Abilities, Weirdness & Mutations

You are a tree.
Your roots penetrate the ground, keeping you stationary.
You cannot be teleported.
You are immune to unholy pain and torment.
Your maximum health is greatly increased.
Your equipment is partially melded.
You have an increased reservoir of magic. (+10% MP)
You shall have no god before yourself.
Your divine heritage dramatically boosts your attributes as you level up.


Message History

You feel sick.
Robin roars a battlecry!
The goblins go into a battle-frenzy!
The goblin hits you with a +0 club.
* * * LOW HITPOINT WARNING * * *
You hear a shout!
You see here a +0 dagger.
You hit the goblin.
The goblin is severely wounded.
You feel sick. Robin throws the goblin at you! The goblin barely misses you.
A hobgoblin comes into view.
The goblin hits you with a +0 club.
* * * LOW HITPOINT WARNING * * *
Your transformation has ended.
You turn into a tree.
Your +0 scale mail melds into your body.
Your roots penetrate the ground.
You feel sick.
You are no longer poisoned.
Robin's bangles clink loudly.
The goblin hits you but does no damage. x2
You barely miss the goblin. The goblin hits you but does no damage.
The goblin barely misses you.
You smack the goblin!
You kill the goblin!
Robin throws the goblin at you! The goblin hits you with a +0 dagger.
* * * LOW HITPOINT WARNING * * *
You have reached level 4!
You smack the goblin!
You kill the goblin!
The goblin hits you with a +0 club.
* * * LOW HITPOINT WARNING * * *
You smack the goblin!
You kill the goblin!
You completely miss the goblin.
The goblin is moderately wounded.
The goblin hits you but does no damage.
You hit the goblin.
The goblin is severely wounded.
The goblin hits you with a +2 dagger of venom.
You die...

#...# #......
#...#########
#......
##..).......#
######.
##########.# #.
#.# #. #.# #. #.#
##
###############.#
.....ggg♣)...##.#
###...g#####.##†#
#.... #..<#.#
#.... #..##.#
#.... #..##.#
##### #..##.#
#.†##.#
######..##.#
#....#..##.#


You could see Robin, 2 hobgoblins and a goblin (strong).

Vanquished Creatures
  Terence (D:2)
  2 adders (D:2)
  A dart slug (D:2)
  2 ball pythons (D:2)
  A bat (D:1)
  3 endoplasms
  7 giant cockroaches
  5 goblins
  3 hobgoblins
  4 jackals (D:1)
  2 kobolds (D:1)
  2 rats (D:2)
33 creatures vanquished.

Notes
Turn   | Place    | Note
-------+----------+-------------------------------------------
     0 | D:1      | lunkers the Demigod Shapeshifter began the quest for the
                  | Orb.
     0 | D:1      | Reached XP level 1. HP: 15/15 MP: 3/3
   174 | D:1      | Reached skill level 3 in Unarmed Combat
   243 | D:1      | Reached XP level 2. HP: 16/22 MP: 4/4
   846 | D:2      | Reached XP level 3. HP: 26/27 MP: 5/5
   953 | D:2      | Noticed Terence
   960 | D:2      | Killed Terence
  1024 | D:2      | Reached skill level 4 in Unarmed Combat
  1125 | D:2      | Noticed Robin
  1138 | D:2      | Reached XP level 4. HP: 4/34 MP: 6/6
  1141 | D:2      | Slain by a goblin

Illustrated notes

Levels and vault maps discovered:
D:1:      lightli_arrival_farm, layout_loops_corners, basic_ecumenical_altar
D:2:      layout_basic, minmay_cupped, uniq_terence, uniq_robin

Skill      XL: |  1  2  3 |
---------------+----------+-----
Unarmed Combat | 3 4 |  4.1
Shapeshifting  | 3 |  3.3
Fighting       | |  0.8
Dodging        | |  1.7

Action                     |  1- 3 |  4- 6 || total
---------------------------+-------+-------++-------
  Melee: Unarmed           |   105 |     4 ||   109
         Punch             |     1 |       ||     1
    Use: Potion            |     2 |       ||     2
   Stab: Sleeping          |     1 |       ||     1
 Armour: Animal skin       |    19 |       ||    19
         Scale mail        |    48 |       ||    48
         Skin              |     9 |     3 ||    12
  Dodge: Dodged            |    51 |       ||    51

Table legend: (Time is in decaauts)
 A = Elapsed time spent in this place.
 B = Non-inter-level travel time spent in this place.
 C = Inter-level travel time spent in this place.
 D = Time resting spent in this place.
 E = Time spent auto-exploring this place.
 F = Levels seen in this place.
 G = Mean time per level.
                   A        B        C        D        E       F      G
               +--------+--------+--------+--------+--------+-----+--------+
         Total |   1142 |   1142 |      0 |     11 |    822 |   2 |  571.0 |
       Dungeon |   1142 |   1142 |      0 |     11 |    822 |   2 |  571.0 |
               +--------+--------+--------+--------+--------+-----+--------+

Top non-repeatable levels by time:
     D:2: 668 daAuts
     D:1: 474 daAuts
